 Dungeon Crawl Stone Soup version 0.28.0-53-g5a82cb258f (webtiles) character file.

Game seed: 15749738764285717374

28 Revguard the Skirmisher (level 2, 0/24 HPs)
             Began as a Demonspawn Abyssal Knight on Aug 25, 2022.
             Was a Follower of Lugonu.
             Slain by Terence
             ... wielding a +0 flail of protection
              (2 damage)
             ... on level 2 of the Dungeon.
             The game lasted 00:04:13 (1365 turns).

Revguard the Skirmisher (Demonspawn Abyssal Knight) Turns: 1365, Time: 00:04:13

Health: 0/24       AC:  4    Str: 13    XL:     2   Next: 96%
Magic:  4/4        EV: 11    Int: 11    God:    Lugonu [*.....]
Gold:   35         SH:  4    Dex: 13    Spells: 2/2 levels left

rFire   . . .      SeeInvis .   a - +1 mace
rCold   . . .      Faith    .   (no shield)
rNeg    . . .      Spirit   .   b - +0 leather armour
rPois   .          Reflect  .   d - +0 helmet
rElec   .          Harm     .   (no cloak)
rCorr   .          Rampage  .   (no gloves)
Will    .....                   (no boots)
Stlth   +.........              (no amulet)
HPRegen 0.08/turn               (no ring)
MPRegen 0.09/turn               (no ring)

@: no status effects
A: condensation shield
a: Renounce Religion, Depart the Abyss


You were on level 2 of the Dungeon.
You worshipped Lugonu.
Lugonu was aware of your devotion.
You visited 1 branch of the dungeon, and saw 2 of its levels.
You visited the Abyss 1 time.

You collected 35 gold pieces.

Inventory:

Hand Weapons
 a - a +1 mace (weapon)
Armour
 b - a +0 leather armour (worn)
 d - a +0 helmet (worn)
Scrolls
 c - a scroll of brand weapon {unknown}
 e - a scroll of summoning {unknown}
 f - a scroll of noise {unknown}
 g - a scroll of vulnerability {unknown}
 i - 2 scrolls of fog {unknown}
Potions
 h - a potion of berserk rage {unknown}


   Skills:
 + Level 3.1 Fighting
 + Level 2.0 Maces & Flails
 + Level 2.0 Armour
 + Level 1.3 Dodging
 + Level 0.5 Spellcasting
 + Level 0.9 Necromancy
 + Level 2.8 Invocations


You had 2 spell levels left.
You didn't know any spells.
Your spell library contained the following spells:

 Spells                   Type           Power      Damage    Failure   Level
 Magic Dart               Conj           0%         1d3       41%         1
 Ensorcelled Hibernation  Hex/Ice        0%         N/A       54%         2
 Passwall                 Tmut/Erth      0%         N/A       54%         2
 Searing Ray              Conj           0%         2d4       54%         2
 Swiftness                Air            0%         N/A       78%         3
 Fulminant Prism          Conj/Hex       0%         3d6       99%         4
 Conjure Ball Lightning   Conj/Air       0%         3x3d6     100%        6
 Discord                  Hex            0%         N/A       100%        8
 Disjunction              Tloc           0%         N/A       100%        8


Dungeon Overview and Level Annotations

Branches:
Dungeon (2/15)

Altars:

Annotations:
D:2 Terence


Innate Abilities, Weirdness & Mutations

A meltable shield of frost defends you. (SH +4)


Message History

You hit the frilled lizard.
The frilled lizard is heavily wounded.
The frilled lizard bites you but does no damage.
You closely miss the frilled lizard.
The frilled lizard is heavily wounded.
The frilled lizard closely misses you. The frilled lizard barely misses you.
You barely miss the frilled lizard.
The frilled lizard is heavily wounded.
The frilled lizard barely misses you.
You sock the frilled lizard!
You kill the frilled lizard!
Lugonu accepts your kill.
You see here a frilled lizard corpse.
A rat comes into view.
You barely miss the rat. The rat bites you.
You hit the rat.
You kill the rat!
Lugonu accepts your kill.
Done exploring.
Done exploring.
Okay, then.
(D) Dungeon
Where to? (? - help)
There is a stone staircase leading down here.
You climb downwards.
Terence shouts!
There is a stone staircase leading up here.
There are monsters nearby!
Okay, then.
The ball python hisses angrily.
You completely miss Terence.
Terence hits you with a +0 flail of protection.
You barely miss Terence. Terence closely misses you.
You hit Terence but do no damage.
Terence hits you with a +0 flail of protection!
You barely miss Terence.
Terence hits you with a +0 flail of protection!
* * * LOW HITPOINT WARNING * * *
Terence hits you with a +0 flail of protection.
You die...

.... #... ....
##..# ...## .S.
#@# #@#
............#
####..#.###...#
#..#.# ## #..
#.. #.. ... ..
### ##.


You could see Terence and a ball python.

Vanquished Creatures
  3 ball pythons (D:1)
  3 endoplasms (D:1)
  3 hobgoblins (D:1)
  2 jackals (D:1)
  2 kobolds (D:1)
  A quokka (D:1)
  3 bats (D:1)
  2 frilled lizards (D:1)
  2 goblins (D:1)
  4 rats (D:1)
25 creatures vanquished.

Notes
Turn   | Place    | Note
-------+----------+-------------------------------------------
     0 | Abyss:1  | Revguard the Demonspawn Abyssal Knight began the quest for
                  | the Orb.
     0 | Abyss:1  | Reached XP level 1. HP: 18/18 MP: 2/2
    46 | Abyss:1  | Found a corrupted altar of Lugonu.
   166 | Abyss:1  | Found a corrupted altar of Lugonu.
   250 | Abyss:1  | Found a corrupted altar of Lugonu.
   312 | Abyss:1  | Noticed a large abomination
   313 | D:1      | Escaped the Abyss
   466 | D:1      | Reached skill level 1 in Dodging
   535 | D:1      | Gained mutation: A meltable shield of frost defends you.
                  | (SH +4) [demonic ancestry]
   535 | D:1      | Reached XP level 2. HP: 19/24 MP: 3/3
   787 | D:1      | Reached * piety under Lugonu
  1359 | D:2      | Noticed Terence
  1365 | D:2      | Slain by Terence

Illustrated notes

Levels and vault maps discovered:
D:1:      lemuel_arrival_muddy, layout_basic
D:2:      layout_loops_ring, minmay_shallow_snake_nest, uniq_terence

Skill      XL: |  1  2 |
---------------+-------+-----
Dodging        | 1 |  1.3
Armour         | 2 |  2.0
Maces & Flails | 2 |  2.0
Fighting       | |  3.1
Spellcasting   | |  0.5
Necromancy     | |  0.9
Invocations    | |  2.8

Action                   || total
-------------------------++-------
Melee: Mace              ||    76
Invok: Depart the Abyss  ||     1
 Stab: Sleeping          ||     1
Armor: Leather armour    ||    33
Dodge: Dodged            ||    62
Block: Other             ||     9
